 Dungeon Crawl Stone Soup version 0.17.1-3-g152610e (webtiles) character file.

287 inmateoo the Ruffian (level 6, -1/47 HPs)
             Began as a Ghoul Earth Elementalist on Mar 9, 2016.
             Slain by a killer bee (4 damage)
             ... on level 4 of the Dungeon.
             The game lasted 00:06:10 (3100 turns).

inmateoo the Ruffian (Ghoul Earth Elementalist)     Turns: 3100, Time: 00:06:10

Health: -1/47      AC:  9    Str: 14    XL:     6   Next: 30%
Magic:  7/7        EV:  6    Int: 10    God:
Gold:   96         SH:  0    Dex:  9    Spells: 1 memorised, 7 levels left

rFire  . . .     SeeInvis .       - Unarmed
rCold  + . .     Clarity  .     h - +0 chain mail
rNeg   + + +     SustAt   .     (no shield)
rPois  ∞         Gourm    .     (no helmet)
rElec  .         Spirit   .     g - +0 cloak
rCorr  .         Warding  .     (no gloves)
rMut   .         Stasis   .     (no boots)
MR     .....                    (no amulet)
Stlth  ..........               (no ring)
                                a - ring of wizardry (curse)

@: about to teleport, rotting, not resistant to hostile enchantments, extremely
unstealthy
A: rotting body, claws 1, carnivore 3, cold resistance 1, negative energy
resistance 3, slow regeneration 1, torment resistance, unbreathing
a: no special abilities


You were on level 4 of the Dungeon.
You were not hungry.

You visited 1 branch of the dungeon, and saw 4 of its levels.

You collected 96 gold pieces.

Inventory:

Hand Weapons
 e - a +0 spear
Missiles
 b - 146 stones (quivered)
Armour
 g - a +0 cloak (worn)
 h - a +0 chain mail (worn)
Jewellery
 a - a cursed ring of wizardry (left claw)
Wands
 q - a wand of frost (27)
Scrolls
 f - a scroll of magic mapping {unknown}
 j - a scroll of teleportation
 l - 2 scrolls of remove curse
Potions
 k - a potion of agility {unknown}
 n - a potion of brilliance
 o - a potion of mutation {unknown}
 p - a potion of cure mutation {unknown}
 r - a potion of degeneration {unknown}
Books
 c - a book of Geomancy

   Spells                             Type                      Level
   a - Sandblast                      Earth                        1
   b - Stoneskin                      Transmutation/Earth          2
   c - Passwall                       Transmutation/Earth          3
   d - Stone Arrow                    Conjuration/Earth            3
   e - Petrify                        Transmutation/Earth          4
   f - Lee's Rapid Deconstruction     Earth                        5
Comestibles
 d - 5 meat rations
 i - a slice of pizza


   Skills:
 + Level 1.2 Fighting
 - Level 1.7 Dodging
 - Level 2.1 Stealth
 * Level 6.4 Unarmed Combat
 - Level 1.7 Spellcasting
   Level 0.8 Transmutations
 - Level 3.2 Earth Magic


You had 7 spell levels left.
You knew the following spells:

 Your Spells              Type           Power        Failure   Level  Hunger
a - Sandblast             Erth           #.....       92%         1    ##.....


Dungeon Overview and Level Annotations

Branches:
Dungeon (4/15)
 Temple: D:4-7

Altars:
Makhleb
Vehumet

Annotations:
D:2 Sigmund
D:4 kaze's ghost, amateur TrBe


Innate Abilities, Weirdness & Mutations

Your body is rotting away.
You thrive on raw meat.
You are immune to poison.
You have sharp fingernails.
You are carnivorous and can eat meat at any time.
Your flesh is cold resistant.
You are immune to negative energy.
You regenerate slowly when monsters are visible.
You are immune to unholy pain and torment.
You can survive without breathing.


Message History

The worker ant bites you.
* * * LOW HITPOINT WARNING * * *
The worker ant bites you.
* * * LOW HITPOINT WARNING * * *
The killer bee barely misses you.
The worker ant bites you but does no damage.
The killer bee barely misses you. The killer bee barely misses you.
Drink which item? (? for menu, Esc to quit)
Okay, then.
Read which item? (? for menu, Esc to quit)
As you read the scroll labeled FELOTW ULEI, it crumbles to dust.
You feel strangely unstable.
It was a scroll of teleportation.
The killer bee barely misses you. The killer bee closely misses you.
The killer bee stings you.
* * * LOW HITPOINT WARNING * * *
Kaze's ghost (amateur Troll Berserker) comes into view.
Kaze's ghost turns its malevolent gaze towards you.
The killer bee stings you.
You die...

#.# #.# #.#
#.####?..
#........
#a#####.#
#.######y#
........y#
#.######@#####
#..........#
#.####.###.#
#<.W...#
#........#
#......#.#
####.### #
<... #.###


You could see a worker ant, 2 killer bees and kaze's ghost.

Vanquished Creatures
  A giant frog (D:3)
  A killer bee (D:4)
  An orc wizard (D:3)
  Ijyb (D:2)
  Jessica (D:2)
  An adder (D:2)
  An ooze (D:2)
  A worm (D:3)
  A giant gecko (D:2)
  6 orcs (D:3)
  13 bats
  9 hobgoblins
  6 kobolds
  A quokka (D:2)
  2 ball pythons (D:1)
  4 giant cockroaches
  3 giant newts
  8 goblins
  12 jackals
  4 rats
77 creatures vanquished.

Notes
Turn   | Place    | Note
--------------------------------------------------------------
     0 | D:1      | inmateoo the Ghoul Earth Elementalist began the quest for the Orb.
     0 | D:1      | Reached XP level 1. HP: 14/14 MP: 2/2
    88 | D:1      | Reached skill level 1 in Unarmed Combat
   269 | D:1      | Reached XP level 2. HP: 17/20 MP: 0/3
   460 | D:1      | You fall through a shaft!
   512 | D:2      | Noticed Sigmund
  1071 | D:1      | Reached XP level 3. HP: 12/23 MP: 4/4
  1782 | D:2      | Found a burning altar of Makhleb.
  1815 | D:2      | Noticed Jessica
  1815 | D:2      | Noticed Ijyb
  1852 | D:2      | Killed Ijyb
  1852 | D:2      | Reached skill level 4 in Unarmed Combat
  1852 | D:2      | Reached XP level 4. HP: 33/33 MP: 5/5
  1875 | D:2      | Killed Jessica
  2162 | D:2      | Reached XP level 5. HP: 37/37 MP: 6/6
  2302 | D:2      | Reached skill level 5 in Unarmed Combat
  2582 | D:3      | Found a radiant altar of Vehumet.
  2884 | D:3      | Found a radiant altar of Vehumet.
  3043 | D:3      | Reached skill level 6 in Unarmed Combat
  3058 | D:3      | Reached XP level 6. HP: 43/46 MP: 7/7
  3087 | D:4      | Reached skill level 1 in Fighting
  3100 | D:4      | Noticed kaze's ghost (amateur TrBe)
  3100 | D:4      | Slain by a killer bee

Action                   |  1- 3 |  4- 6 || total
-------------------------+-------+-------++-------
Melee: Unarmed           |    74 |   181 ||   255
       Spear             |   207 |       ||   207
 Cast: Sandblast         |     3 |       ||     3
  Use: Scroll            |       |     7 ||     7
  Eat: Chunk             |    11 |     7 ||    18
